 Dungeon Crawl Stone Soup version 0.16.2-2-g470672f (webtiles) character file.

9248 preste the Thaumaturge (level 11, -3/54 HPs)
             Began as a Deep Elf Ice Elementalist on Sept 2, 2015.
             Was a Believer of Sif Muna.
             Slain by a centaur (8 damage)
             ... on level 11 of the Dungeon.
             The game lasted 01:29:52 (13891 turns).

preste the Thaumaturge (Deep Elf Ice Elementalist) Turns: 13891, Time: 01:29:54

Health: -3/54      AC:  6    Str:  5    XL:     11   Next: 20%
Magic:  11/32      EV: 20    Int: 32    God:    Sif Muna [**....]
Gold:   457        SH:  0    Dex: 21    Spells: 9 memorised, 3 levels left

rFire  . . .     SeeInvis .     J - +8 rapier of Zishryeg {pierce, -Tele Int+8 Dex+6}
rCold  . . .     Clarity  .     a - +1 robe
rNeg   . . .     SustAb   .     (no shield)
rPois  +         Gourm    .     F - +0 helmet
rElec  .         Spirit   .     r - +0 cloak
rCorr  .         Warding  .     (no gloves)
rMut   .         NoTele   +     y - +0 pair of boots
MR     +....                    (no amulet)
Stlth  +.........               B - ring of wizardry
                                j - ring of poison resistance (curse)

@: confused, somewhat resistant to hostile enchantments, very unstealthy
A: no striking features
a: Channel Energy, Forget Spell, Renounce Religion


You were on level 11 of the Dungeon.
You worshipped Sif Muna.
Sif Muna was pleased with you.
You were not hungry.

You visited 2 branches of the dungeon, and saw 12 of its levels.
You also visited: Sewer and Ice Cave.

You collected 597 gold pieces.
You spent 140 gold pieces at shops.

Inventory:

Hand weapons
 e - a +1 dagger
 u - a +2 dagger of pain
 J - the +8 rapier of Zishryeg (weapon) {pierce, -Tele Int+8 Dex+6}
   (You found it on level 9 of the Dungeon)

   It inflicts extra damage upon your enemies.
   It affects your intelligence (+8).
   It affects your dexterity (+6).
   It prevents most forms of teleportation.
Armour
 a - a +1 robe (worn)
 r - a +0 cloak (worn)
 y - a +0 pair of boots (worn)
 F - a +0 helmet (worn)
Magical staves
 h - an uncursed staff of poison
Jewellery
 j - a cursed ring of poison resistance (left hand)
 B - a ring of wizardry (right hand)
 H - an uncursed ring of ice
Magical devices
 o - a wand of paralysis (3)
 x - a wand of frost (27)
 L - a wand of paralysis (15)
 R - a wand of disintegration (13)
Scrolls
 n - 2 scrolls of enchant armour
 p - a scroll of silence {unknown}
 s - 3 scrolls of fear
 v - a scroll of enchant weapon
 w - a scroll of teleportation
 A - 4 scrolls of remove curse
 I - a scroll of magic mapping
 K - a scroll of identify
 Q - a scroll of vulnerability {unknown}
Potions
 g - 2 potions of might
 i - 2 potions of brilliance
 k - 3 potions of haste
 l - 4 potions of curing
 m - 2 potions of magic
 C - a potion of cancellation
 N - a potion of agility {unknown}
 O - a potion of beneficial mutation {unknown}
 P - a potion of mutation {unknown}
Books
 b - a book of Frost

   Spells                             Type                      Level
   a - Freeze                         Ice                          1
   b - Throw Frost                    Conjuration/Ice              2
   c - Ozocubu's Armour               Charms/Ice                   3
   d - Throw Icicle                   Conjuration/Ice              4
   e - Summon Ice Beast               Ice/Summoning                4
   f - Condensation Shield            Ice                          4
 q - a book of Burglary

   Spells                             Type                      Level
   a - Swiftness                      Charms/Air                   2
   b - Passwall                       Transmutation/Earth          3
   c - Passage of Golubria            Translocation                4
   d - Lee's Rapid Deconstruction     Earth                        5
   e - Invisibility                   Hexes                        6
   f - Darkness                       Hexes                        7
 D - a book of Beasts

   Spells                             Type                      Level
   a - Summon Butterflies             Summoning                    1
   b - Call Canine Familiar           Summoning                    3
   c - Summon Ice Beast               Ice/Summoning                4
   d - Summon Mana Viper              Hexes/Summoning              5
   e - Monstrous Menagerie            Summoning                    6
   f - Summon Hydra                   Summoning                    7
 G - a book of Death

   Spells                             Type                      Level
   a - Corpse Rot                     Necromancy                   2
   b - Sublimation of Blood           Necromancy                   2
   c - Agony                          Necromancy                   5
   d - Dispel Undead                  Necromancy                   5
   e - Excruciating Wounds            Charms/Necromancy            5
   f - Bolt of Draining               Conjuration/Necromancy       5
 M - a book of Minor Magic

   Spells                             Type                      Level
   a - Magic Dart                     Conjuration                  1
   b - Blink                          Translocation                2
   c - Call Imp                       Summoning                    2
   d - Repel Missiles                 Charms/Air                   2
   e - Slow                           Hexes                        2
   f - Conjure Flame                  Conjuration/Fire             3
   g - Mephitic Cloud                 Conjuration/Poison/Air       3
Comestibles
 c - 9 bread rations
 d - 5 meat rations
 f - 8 fruits
 t - a slice of pizza


   Skills:
 - Level 2.8 Staves
 - Level 8.6 Dodging
 - Level 2.4 Stealth
 - Level 9.8 Spellcasting
 - Level 7.1 Conjurations
 - Level 6.3 Charms
 - Level 3.4 Summonings
 - Level 3.1 Translocations
 - Level 3.0 Fire Magic
 - Level 9.4 Ice Magic
 + Level 2.2 Air Magic
 + Level 2.5 Poison Magic
 + Level 5.9 Invocations


You had 3 spell levels left.
You knew the following spells:

 Your Spells              Type           Power        Failure   Level  Hunger
a - Freeze                Ice            ####         1%          1    None
b - Throw Frost           Conj/Ice       ######       1%          2    None
c - Ozocubu's Armour      Chrm/Ice       ######..     1%          3    None
d - Throw Icicle          Conj/Ice       ######..     1%          4    None
e - Summon Ice Beast      Ice/Summ       ######..     1%          4    None
f - Condensation Shield   Ice            ######....   1%          4    None
g - Conjure Flame         Conj/Fire      #####...     1%          3    None
h - Mephitic Cloud        Conj/Pois/Air  #####...     1%          3    None
i - Blink                 Tloc           N/A          1%          2    None


Dungeon Overview and Level Annotations

Branches:
Dungeon (11/15)            Temple (1/1) D:7
   Lair: D:8-11         Orc: D:9-12

Altars:
Ashenzari
Cheibriados
Dithmenos
Elyvilon
Fedhas
Gozag
Kikubaaqudgha
Makhleb
Nemelex Xobeh
Okawaru
Qazlal
Ru
Sif Muna
Trog
Vehumet
Xom
Yredelemnul
Zin
The Shining One

Shops:
D:6 ?   D:9 %

Annotations:
D:8 Rider75's ghost, experienced MiFi


Message History

Casting: Throw Icicle
Confirm with . or Enter, or press ? or * to list all spells.
Aiming: Freeze
Press: ? - help, Shift-Dir - straight line, f - centaur, p - ice beast
Aim: a centaur, wielding a shortbow You freeze the centaur.
The centaur is moderately wounded.
The centaur shouts!
The ice beast barely misses you.
The centaur unwields an uncursed shortbow.
The centaur hits you.
* * * LOW HITPOINT WARNING * * *
Drink which item? (? for menu, Esc to quit)
You are confused.
You feel invigorated. The ice beast hits you.
* * * LOW HITPOINT WARNING * * *
The ice beast freezes you.
* * * LOW HITPOINT WARNING * * *
The centaur hits you!
You die...

#.# #........... #.#
#...........
#.#####(.........[
#.....(...........
#.................
#..####.......... #.
##.cc.........
##..#..#c.........
........#.#@........
......#.YY#........
....>..#c#........
.....#..#.........
....##. .#####...
... ## .# . . .# .#
.#


You could see 2 ice beasts and 4 centaurs.

Vanquished Creatures
  2 hill giants
  Pikel (D:7)
  A manticore (D:10)
  Joseph (D:8)
  A troll (D:9)
  2 two-headed ogres (D:10)
  Sonja (D:10)
  A spriggan (D:7)
  A wraith (D:10)
  6 yaks
  2 hungry ghosts
  Edmund (D:9)
  3 orc warriors
  A water moccasin (D:10)
  2 sky beasts
  5 ice beasts
  9 centaurs
  4 ogres
  4 phantoms
  An alligator simulacrum (IceCv)
  A slave (D:7)
  2 necrophages
  Blork the orc (D:8)
  5 giant frogs
  A big kobold (D:8)
  4 scorpions
  A swamp dragon simulacrum (IceCv)
  3 goliath beetles
  A centaur zombie (D:9)
  3 crimson imps
  3 jellies
  12 orc priests
  A centaur skeleton (D:8)
  8 orc wizards
  A giant frog skeleton (D:5)
  2 wolf simulacra (IceCv)
  3 worker ants
  A mummy (D:7)
  12 gnolls
  11 adders
  3 giant mites
  A shadow imp (D:6)
  2 white imps (IceCv)
  A worm (D:3)
  2 adder zombies
  3 adder skeletons
  3 oozes
  46 orcs
  3 ball pythons
  5 giant cockroaches
  13 goblins
  14 hobgoblins
  23 kobolds
  8 quokkas
  19 bats
  6 giant geckos
  12 giant newts
  18 jackals
  11 rats
  5 plants (Sewer)
323 creatures vanquished.

Vanquished Creatures (collateral kills)
  2 slaves (D:7)
  A crimson imp (D:9)
  An orc priest (D:5)
  An adder (D:3)
  3 orcs
  A hobgoblin (D:3)
9 creatures vanquished.

Vanquished Creatures (others)
  An ice beast (D:8)
  An orc wizard (D:8)
  A plant (Sewer)
3 creatures vanquished.

Grand Total: 335 creatures vanquished

Notes
Turn   | Place    | Note
--------------------------------------------------------------
     0 | D:1      | preste, the Deep Elf Ice Elementalist, began the quest for the Orb.
     0 | D:1      | Reached XP level 1. HP: 10/10 MP: 5/5
   343 | D:1      | Reached XP level 2. HP: 10/15 MP: 1/8
   625 | D:1      | Learned a level 2 spell: Throw Frost
  1054 | D:1      | Reached skill level 4 in Spellcasting
  1484 | D:2      | Reached XP level 3. HP: 11/19 MP: 9/12
  1489 | D:2      | Learned a level 3 spell: Ozocubu's Armour
  1680 | D:2      | Found a shattered altar of Ashenzari.
  2105 | D:2      | Reached XP level 4. HP: 24/24 MP: 3/16
  2344 | D:3      | Found a bloodstained altar of Trog.
  2355 | D:3      | Found a glowing drain.
  2357 | D:3      | Reached skill level 5 in Spellcasting
  2371 | Sewer    | Entered a sewer
  2961 | Sewer    | Reached XP level 5. HP: 23/28 MP: 15/19
  3315 | D:3      | Reached skill level 5 in Ice Magic
  3678 | D:3      | Reached skill level 6 in Spellcasting
  3763 | D:3      | Learned a level 4 spell: Throw Icicle
  3768 | D:3      | Learned a level 4 spell: Summon Ice Beast
  4164 | D:3      | Reached XP level 6. HP: 12/32 MP: 4/22
  4170 | D:3      | Learned a level 4 spell: Condensation Shield
  5465 | D:4      | Got an ichor-stained short sword
  5466 | D:4      | Identified the +6 short sword "Test" {distort, -Cast rC+ rN++ Int+4} (You found it on level 4 of the Dungeon)
  5986 | D:5      | Entered Level 5 of the Dungeon
  6152 | D:5      | Reached skill level 1 in Charms
  6218 | D:5      | Reached XP level 7. HP: 24/36 MP: 7/24
  6662 | D:5      | Reached skill level 1 in Summonings
  7271 | D:6      | Reached skill level 5 in Conjurations
  7271 | D:6      | Reached XP level 8. HP: 7/41 MP: 5/25
  7520 | D:6      | Found a shimmering altar of Xom.
  8127 | D:6      | Found Peusk's Magic Scroll Shop.
  8130 | D:6      | Bought a scroll of remove curse for 30 gold pieces
  8130 | D:6      | Bought a scroll of identify for 20 gold pieces
  8130 | D:6      | Bought a scroll of identify for 20 gold pieces
  8130 | D:6      | Bought a scroll of identify for 20 gold pieces
  8130 | D:6      | Bought a scroll of remove curse for 30 gold pieces
  8130 | D:6      | Bought a scroll of identify for 20 gold pieces
  8713 | D:7      | Reached skill level 5 in Dodging
  8799 | D:7      | Reached skill level 7 in Ice Magic
  9179 | D:7      | Reached XP level 9. HP: 45/45 MP: 17/27
  9482 | D:7      | Reached skill level 8 in Ice Magic
  9576 | D:7      | Found a staircase to the Ecumenical Temple.
  9577 | D:7      | Noticed Pikel
  9596 | D:7      | Killed Pikel
  9604 | Temple   | Entered the Ecumenical Temple
 10409 | D:8      | Noticed Blork the orc
 10416 | D:8      | Found a deep blue altar of Sif Muna.
 10424 | D:8      | Became a worshipper of Sif Muna the Loreminder
 10427 | D:8      | Killed Blork the orc
 10476 | D:8      | Reached skill level 1 in Staves
 10645 | D:8      | Found an iron altar of Okawaru.
 10675 | D:8      | Noticed Rider75's ghost (experienced MiFi)
 10797 | D:8      | Noticed Joseph
 10832 | D:8      | Killed Joseph
 10832 | D:8      | Reached XP level 10. HP: 50/50 MP: 2/30
 11215 | D:8      | Found a sparkling altar of Nemelex Xobeh.
 11221 | D:8      | Found a glowing silver altar of Zin.
 11276 | D:9      | Noticed Edmund
 11286 | D:9      | Killed Edmund
 11447 | D:9      | Reached skill level 9 in Spellcasting
 11677 | D:9      | Reached skill level 5 in Charms
 12190 | D:9      | Found Skiwoaxt's Food Shop.
 12204 | D:9      | Got a bloodstained rapier
 12214 | D:9      | Identified the +8 rapier of Zishryeg {pierce, -Tele Int+8 Dex+6} (You found it on level 9 of the Dungeon)
 12310 | D:10     | Entered Level 10 of the Dungeon
 12313 | D:10     | Noticed a hill giant
 12330 | D:9      | Killed a hill giant
 12330 | D:9      | Acquired Sif Muna's first power
 12503 | D:10     | Reached skill level 1 in Invocations
 12510 | D:10     | Noticed a manticore
 12524 | D:10     | Killed a manticore
 12586 | D:10     | Learned a level 3 spell: Conjure Flame
 12590 | D:10     | Learned a level 3 spell: Mephitic Cloud
 12593 | D:10     | Learned a level 2 spell: Blink
 12643 | D:10     | Noticed Sonja
 12647 | D:10     | Killed Sonja
 12647 | D:10     | Reached skill level 5 in Invocations
 12659 | D:10     | Reached skill level 1 in Fire Magic
 12776 | D:10     | Reached skill level 1 in Translocations
 13333 | D:11     | Reached XP level 11. HP: 51/54 MP: 9/32
 13382 | D:10     | Acquired Sif Muna's second power
 13423 | D:10     | Noticed a hill giant
 13428 | D:10     | Killed a hill giant
 13428 | D:10     | Reached skill level 1 in Air Magic
 13428 | D:10     | Reached skill level 1 in Poison Magic
 13807 | D:11     | Found a frozen archway.
 13817 | IceCv    | Entered an ice cave
 13879 | IceCv    | HP: 1/54 [white imp/puff of frost (12)]
 13891 | D:11     | Slain by a centaur

Action                   |  1- 3 |  4- 6 |  7- 9 | 10-12 || total
-------------------------+-------+-------+-------+-------++-------
Melee: Unarmed           |     2 |       |       |       ||     2
       Dagger            |    56 |   107 |    19 |       ||   182
       Staff             |       |       |    82 |    46 ||   128
       Rapier            |       |       |       |    54 ||    54
 Cast: Freeze            |    31 |   134 |    96 |    59 ||   320
       Throw Frost       |    18 |    54 |    44 |    26 ||   142
       Ozocubu's Armour  |     2 |     9 |    21 |    16 ||    48
       Throw Icicle      |       |     8 |    77 |    83 ||   168
       Summon Ice Beast  |       |     1 |     5 |     1 ||     7
       Condensation Shie |       |     1 |     8 |    14 ||    23
       Conjure Flame     |       |       |       |     4 ||     4
       Mephitic Cloud    |       |       |       |     2 ||     2
Invok: Channel Energy    |       |       |       |    55 ||    55
  Use: Scroll            |     5 |     8 |     9 |     3 ||    25
       Potion            |       |       |     2 |     4 ||     6
 Stab: Sleeping          |     3 |     2 |     1 |       ||     6
       Distracted        |     1 |       |     1 |     1 ||     3
  Eat: Chunk             |     4 |     7 |    14 |    16 ||    41
       Bread ration      |       |     2 |     1 |     1 ||     4
       Pizza             |       |       |     1 |       ||     1
